[Event "Khanty-Mansiysk FIDE GP (Women)"]
[Site "Khanty-Mansiysk"]
[Date "2014.04.19"]
[Round "9"]
[White "Dzagnidze, Nana"]
[Black "Stefanova, Antoaneta"]
[Result "1-0"]
[ECO "A90"]
[WhiteElo "2550"]
[BlackElo "2489"]
[Annotator "ChessBase Website"]
[PlyCount "83"]
[EventDate "2014.04.09"]
[EventType "tourn"]
[EventRounds "11"]
[EventCountry "RUS"]
[EventCategory "10"]
[SourceTitle "CBM 160"]
[Source "ChessBase"]
[SourceDate "2014.05.15"]
[SourceVersion "1"]
[SourceVersionDate "2014.05.15"]
[SourceQuality "1"]
[TimeControl "40/5400+30:1800+30"]
[WhiteClock "1:30:00"]
[BlackClock "1:30:00"]

1. d4 d5 2. c4 c6 3. Nf3 e6 4. Nbd2 f5 5. g3 Nf6 6. Bg2 Bd6 7. O-O Nbd7 8.
b3 Qe7 9. Bb2 b6 (9... Ne4 10. Qc2 O-O 11. Rad1 a5 12. Ne1 b5 13. Nxe4 fxe4 14. c5 Bc7
15. f3 exf3 16. exf3 e5 17. Nd3 exd4 18. Bxd4 b4 19. Rfe1 Qf7 20. Re3 Re8 21.
Rde1 Ba6 22. Bh3 Nf8 23. Ne5 Bxe5 24. Rxe5 Rxe5 25. Rxe5 Re8 26. Qf5 g6 27.
Qxf7+ Kxf7 28. Rxe8 Kxe8 29. Kf2 Bd3 30. Be5 Nd7 31. Bxd7+ Kxd7 32. Ke3 Bb1 {
1/2-1/2 (32) Portisch,L (2523)-Vaganian,R (2617) Bazna 2008}) 10. cxd5 $146 (10. Ne5 Bb7 11. Rc1 Rc8 12. e3 O-O 13. Qe2 Ne4 14. Ndf3 Rfd8
15. Nd3 c5 16. cxd5 exd5 17. dxc5 bxc5 18. Nh4 g6 19. Ba1 Nef6 20. Rfd1 Qf7 21.
Nf4 Be5 {1/2-1/2 (21) Skomorokhin,R (2378)-Ivanov,O (2467) Vladimir 2008})
10... cxd5 11. Ne5 b5 12.
Nc6 Qf7 13. Nf3 O-O 14. Qd3 a5 15. Bc1 Bb7 16. Nce5 Qe7 17.
Bf4 Ne4 18. Rfc1 Nxe5 19. Nxe5 g5 20. Bd2 b4 21. Be1 Ba6 22.
Qc2 Rac8 23. Qb2 g4 24. Bxe4 dxe4 25. Bd2 Bxe5 26. dxe5 h5 27. Bh6 Rfd8 28. Rxc8 Rxc8 29. Rd1 Bb7 30. Rd6 Bd5 31. Qd2 Kh7 32. Be3 Qc7 33. Rxd5 $1 {[%emt 0:00:55]
A strange Stone Wall came to an abrupt end when Dzagnidze sacrificed an
exchange for activity against Stefanova. The Bulgarian player still had some
defensive resources but for some reason she was unable to find them and her
entire position collapsed.} exd5 34. Qxd5 Rd8 35. Qe6 Qd7 36. Qh6+ Kg8 37. Qg5+ Kh7 38. Qxh5+ Kg8 39. Qg5+ Kh7 40. e6 Qd1+ 41. Kg2 Rd5 42. Qe7+ 1-0

[Event "Paris FIDE GP"]
[Site "Elancourt"]
[Date "2013.09.25"]
[Round "4"]
[White "Ponomariov, Ruslan"]
[Black "Tomashevsky, Evgeny"]
[Result "1/2-1/2"]
[ECO "A90"]
[WhiteElo "2756"]
[BlackElo "2706"]
[Annotator "ChessBase Website"]
[PlyCount "57"]
[EventDate "2013.09.22"]
[EventType "tourn"]
[EventRounds "11"]
[EventCountry "FRA"]
[EventCategory "20"]
[SourceTitle "CBM 157"]
[Source "ChessBase"]
[SourceDate "2013.11.12"]
[SourceVersion "1"]
[SourceVersionDate "2013.11.12"]
[SourceQuality "1"]
[TimeControl "40/7200:20/3600:900+30"]
[WhiteClock "2:00:00"]
[BlackClock "2:00:00"]

1. d4 d5 2. c4 e6 3. Nf3 c6 4. Nbd2 f5
{[%emt 0:00:51] Tomashevsky recently adopted the triangle set-up against d4,
with the idea of playing a Stonewall, as his pet defense. It seems solid
enough for now as no one has really been able to break it down. Ponomariov was
actually slightly worse out of the opening but he really had no issues as
Tomashevsky was more interested in holding a solid draw with Black.} 5. g3 Nf6 6. Bg2 Bd6 7. O-O Nbd7 8. b3 O-O 9. Bb2 b6 10. Ne5 Bb7 11. Nd3 Qe7 12.
e3 a5 13. Rc1 Rfd8 14. Rc2 $146 a4 15. Qc1 axb3 16. axb3 Ne4 17.
f3 Nxd2 18. Qxd2 c5 19. f4 Nf6 20. dxc5 Bxc5 21. Nxc5 bxc5 22. Bxf6 Qxf6 23. cxd5 Bxd5 24. Qc3 Qxc3 25. Rxc3 Ra2 26. Rf2 Ra1+ 27. Rf1 Ra2 28. Rf2 Ra1+ 29. Rf1 1/2-1/2